 Dungeon Crawl Stone Soup version 0.18.1-48-g4cf74bf (webtiles) character file.

3089 nikopol the Cleaver (level 9, -5/121 HPs)
             Began as a Minotaur Berserker on June 28, 2016.
             Was a High Priest of Trog.
             Slain by an orc warlord
             ... wielding a +2 battleaxe of electrocution
              (15 damage)
             ... in a bailey.
             The game lasted 00:21:53 (6461 turns).

nikopol the Cleaver (Minotaur Berserker)            Turns: 6461, Time: 00:21:54

Health: -5/121     AC: 11    Str: 27    XL:     9   Next: 59%
Magic:  8/8        EV: 14    Int:  4    God:    Trog [*****.]
Gold:   279        SH:  0    Dex: 10    Spells: 0 memorised, 8 levels left

rFire  . . .     SeeInvis .     x - +0 war axe
rCold  . . .     Gourm    .     t - +3 leather armour
rNeg   . . .     Faith    .     (no shield)
rPois  .         Spirit   .     (helmet restricted)
rElec  .         Dismiss  .     B - +0 cloak
rCorr  +         Reflect  .     g - +0 pair of gloves
SustAt .         Harm     .     m - +0 pair of boots
MR     ++...                    (no amulet)
Stlth  ..........               y - -3 ring of dexterity (curse)
                                G - ring of resist corrosion

@: berserking (expiring), regenerating, very quick, very resistant to hostile
enchantments, extremely unstealthy
A: retaliatory headbutt, horns 2
a: Berserk, Trog's Hand, Brothers in Arms, Burn Spellbooks, Renounce Religion


You were in a bailey.
You worshipped Trog.
Trog was extremely pleased with you.
You were not hungry.

You visited 1 branch of the dungeon, and saw 7 of its levels.
You also visited: Bailey.

You collected 279 gold pieces.

Inventory:

Hand Weapons
 c - a +0 shortbow
 f - a +0 hand axe
 k - a cursed -3 hand axe
 l - a cursed -3 hand axe
 x - a +0 war axe (weapon)
 I - a cursed +0 hand axe
Missiles
 p - 72 arrows (quivered)
Armour
 b - a +0 animal skin
 g - a +0 pair of gloves (worn)
 m - a +0 pair of boots (worn)
 r - a +0 ring mail
 t - a +3 leather armour (worn)
 B - a +0 cloak (worn)
Jewellery
 i - a +3 ring of intelligence
 u - an uncursed ring of wizardry
 y - a cursed -3 ring of dexterity (right hand)
 G - a ring of resist corrosion (left hand)
Wands
 D - a wand of polymorph (8/24)
Scrolls
 a - a scroll of remove curse
 e - 3 scrolls of fog
 o - a scroll of enchant weapon {unknown}
 A - a scroll of enchant armour {unknown}
 F - a scroll of magic mapping
Potions
 h - 3 potions of curing
 n - 2 potions of brilliance
 q - a potion of berserk rage
 s - a potion of magic {unknown}
 v - 2 potions of haste
 z - 2 potions of heal wounds
 E - 2 potions of flight
 H - a potion of resistance {unknown}
Comestibles
 d - 2 bread rations
 j - 7 chunks of flesh
 w - 2 meat rations
 C - a beef jerky


   Skills:
 + Level 8.3 Fighting
 * Level 9.1 Axes
 * Level 5.1 Bows
 + Level 7.5 Armour
 + Level 6.9 Dodging


You had 8 spell levels left.
You didn't know any spells.

Dungeon Overview and Level Annotations

Branches:
Dungeon (9/15)             Temple (0/1) D:5
   Lair: D:8-11         Orc: D:9-12

Altars:
Cheibriados
Elyvilon


Innate Abilities, Weirdness & Mutations

You reflexively headbutt those who attack you in melee.
You have a pair of horns on your head.


Message History

You closely miss the orc warlord. Your headbutt misses the orc warlord.
The orc warlord is severely wounded.
The orc warlord hits you with a battleaxe of electrocution!
* * * LOW HITPOINT WARNING * * *
You closely miss the orc warlord.
The orc warlord is severely wounded.
The orc warlord hits you with a battleaxe of electrocution.
* * * LOW HITPOINT WARNING * * *
You slash the orc warlord!
The orc warlord is almost dead.
The orc warrior no longer looks unusually strong.
You hit the orc warlord but do no damage.
Your headbutt misses the orc warlord.
The orc warlord is almost dead.
The orc warlord roars a battlecry!
The orc warrior goes into a battle-frenzy!
The orc warlord hits you with a battleaxe of electrocution!
* * * LOW HITPOINT WARNING * * *
You are electrocuted!
You die...

#...........#.........
#...........#.........
###.).......###.......)
###.#)#.....###.###.....#
###...))###.###...
###.### ##.........###
.... ###.. #..........8#
..... #...
#..........8#go.... #...
#∩....⌠....@oog.... #...
#..........8#oo.... #...
#..........8# o.... #...
##.........### .... ##..
###.....###.###... ###
###.#'#.....###. #
###[[.......##
#...........#
#...........#


You could see an orc warlord, 4 orc warriors, a gnoll, an orc and a goblin.

Vanquished Creatures
  2 orc knights (Bailey)
  Sigmund (D:4)
  A hippogriff (D:9)
  Menkaure (D:4)
  4 orc warriors (Bailey)
  A phantom (D:5)
  A centaur (D:6)
  Blork the orc (D:4)
  2 giant frogs
  A scorpion (D:4)
  2 giant frog zombies
  2 orc priests (D:4)
  2 jellies (D:6)
  3 hounds
  7 orc wizards
  A centaur zombie (D:5)
  A worker ant (D:5)
  6 adders
  16 gnolls
  A howler monkey skeleton (D:6)
  A river rat (D:4)
  2 shadow imps
  An ooze (D:3)
  An adder skeleton (D:5)
  A worm (D:5)
  3 dart slugs
  A giant gecko (D:1)
  31 orcs
  2 ball pythons
  5 giant cockroaches
  20 goblins
  21 hobgoblins
  4 jackals (D:2)
  3 quokkas
  8 bats
  9 giant newts
  4 kobolds
  A quokka skeleton (D:4)
  A quokka zombie (D:4)
  13 rats
188 creatures vanquished.

Vanquished Creatures (collateral kills)
  3 orc warriors (Bailey)
  2 hobgoblins (Bailey)
5 creatures vanquished.

Vanquished Creatures (others)
  An orc (D:5)
1 creature vanquished.

Grand Total: 194 creatures vanquished

Notes
Turn   | Place    | Note
--------------------------------------------------------------
     0 | D:1      | nikopol the Minotaur Berserker began the quest for the Orb.
     0 | D:1      | Reached XP level 1. HP: 19/19 MP: 0/0
    96 | D:1      | Reached XP level 2. HP: 26/27 MP: 1/1
   493 | D:1      | Reached skill level 4 in Axes
   506 | D:1      | Reached ** piety under Trog
   723 | D:2      | Reached XP level 3. HP: 29/33 MP: 2/2
  1139 | D:2      | Found a white marble altar of Elyvilon.
  1276 | D:2      | Reached XP level 4. HP: 20/40 MP: 3/3
  2028 | D:3      | Reached XP level 5. HP: 40/47 MP: 4/4
  2208 | D:3      | Reached *** piety under Trog
  2527 | D:3      | Reached skill level 5 in Fighting
  2674 | D:3      | Reached skill level 5 in Axes
  2771 | D:4      | Noticed Menkaure
  3044 | D:4      | Killed Menkaure
  3044 | D:4      | Reached XP level 6. HP: 15/56 MP: 5/5
  3062 | D:4      | Noticed Sigmund
  3377 | D:4      | Killed Sigmund
  3377 | D:4      | Reached XP level 7. HP: 62/62 MP: 6/6
  3443 | D:4      | Reached skill level 5 in Armour
  3504 | D:4      | Noticed Blork the orc
  3548 | D:4      | Killed Blork the orc
  3548 | D:4      | Reached skill level 6 in Axes
  3600 | D:4      | Reached skill level 5 in Dodging
  3639 | D:4      | Reached **** piety under Trog
  4049 | D:5      | Entered Level 5 of the Dungeon
  4070 | D:5      | Found a staircase to the Ecumenical Temple.
  4406 | D:5      | Reached XP level 8. HP: 63/71 MP: 7/7
  4732 | D:5      | Found a snail-covered altar of Cheibriados.
  5053 | D:6      | Reached skill level 7 in Axes
  5364 | D:6      | You fall through a shaft for 3 floors!
  5376 | D:9      | Reached skill level 1 in Bows
  5449 | D:9      | Found a flagged portal.
  5458 | Bailey   | Entered a bailey
  5699 | Bailey   | Reached ***** piety under Trog
  5825 | Bailey   | Reached skill level 8 in Axes
  6052 | Bailey   | Noticed an orc knight
  6053 | Bailey   | Noticed an orc knight
  6062 | Bailey   | Killed an orc knight
  6062 | Bailey   | Reached XP level 9. HP: 80/80 MP: 8/8
  6066 | Bailey   | Killed an orc knight
  6325 | Bailey   | Reached skill level 9 in Axes
  6428 | Bailey   | Noticed an orc warlord
  6437 | Bailey   | Reached skill level 5 in Bows
  6461 | Bailey   | Slain by an orc warlord

Skill      XL: |  1  2  3  4  5  6  7  8  9 |
---------------+----------------------------+-----
Axes           | 4 5 6 8 9 |  9.1
Armour         | 3 4 5 7 |  7.5
Fighting       | 4 5 6 7 8 |  8.3
Dodging        | 3 4 5 6 |  6.9
Bows           | 4 5 |  5.1

Action                   |  1- 3 |  4- 6 |  7- 9 || total
-------------------------+-------+-------+-------++-------
Melee: Hand axe          |    73 |   115 |   178 ||   366
       Headbutt          |    12 |    17 |    56 ||    85
       War axe           |       |       |    89 ||    89
 Fire: Shortbow          |       |       |    25 ||    25
Invok: Berserk           |       |     2 |     6 ||     8
       Trog's Hand       |       |       |     1 ||     1
       Brothers in Arms  |       |       |     1 ||     1
  Use: Scroll            |       |     7 |    10 ||    17
       Potion            |       |       |     1 ||     1
  Eat: Chunk             |     1 |     7 |    13 ||    21
       Bread ration      |       |     1 |       ||     1
Armor: Animal skin       |    16 |     9 |       ||    25
       Leather armour    |       |    14 |    87 ||   101
       Ring mail         |       |     8 |       ||     8
Dodge: Dodged            |    66 |    57 |   160 ||   283
